 Dungeon Crawl Stone Soup version 0.31-a0-844-gdc52ec4e09 (webtiles) character file.

Game seed: 16359225544791964232

32 pop123321pop the Poker (level 3, -1/31 HPs)
             Began as a Hill Orc Cinder Acolyte on Sept 30, 2023.
             Was a High Priest of Ignis.
             Succumbed to an adder's poison
             ... on level 1 of the Dungeon.
             The game lasted 00:01:51 (857 turns).

pop123321pop the Poker (Hill Orc Cinder Acolyte)     Turns: 857, Time: 00:01:51

Health: -1/31      AC:  3    Str: 16    XL:     3   Next: 25%
Magic:  4/4        EV: 11    Int: 16    God:    Ignis [*****.]
Gold:   71         SH:  0    Dex:  6    Spells: 4/4 levels left

rFire   + . .        a - -1 spear (flame)
rCold   . . .        (no shield)
rNeg    . . .        g - +0 leather armour
rPois   .            (no helmet)
rElec   .            (no cloak)
rCorr   .            (no gloves)
SInv    .            (no boots)
Will    .....        (no amulet)
Stlth   +            (no ring)
HPRegen 0.25/turn    (no ring)
MPRegen 0.09/turn

%: no passive effects
@: lethally poisoned (-1 -> -12)
A: no striking features
a: Renounce Religion, Fiery Armour, Foxfire Swarm, Rising Flame


You were on level 1 of the Dungeon.
You worshipped Ignis.
Ignis was extremely pleased with you.
You visited 1 branch of the dungeon, and saw 2 of its levels.

You collected 71 gold pieces.

Inventory:

Hand Weapons
 a - a -1 spear of flaming (weapon)
Armour
 g - a +0 leather armour (worn)
Scrolls
 c - 2 scrolls of blinking {unknown}
 d - a scroll of identify {unknown}
 f - 2 scrolls of immolation {unknown}


   Skills:
 - Level 3.6 Fighting
 + Level 4.7 Polearms
 - Level 1.0 Spellcasting
 - Level 3.2 Fire Magic


You had 4 spell levels left.
You didn't know any spells.
Your spell library contained the following spells:

 Spells                   Type           Power      Damage    Failure   Level
 Scorch                   Fire           22%        2d5       11%         2
 Kiss of Death            Conj/Necr      0%         2d5       28%         1
 Lesser Beckoning         Tloc           0%         N/A       38%         2
 Confusing Touch          Hex            0%         N/A       63%         3
 Dazzling Flash           Conj/Hex       0%         N/A       63%         3
 Frozen Ramparts          Ice            0%         1d1       63%         3
 Gell's Gravitas          Tloc           0%         N/A       63%         3
 Teleport Other           Tloc           0%         N/A       63%         3
 Dispel Undead            Necr           0%         3d6       95%         4
 Petrify                  Tmut/Erth      0%         N/A       95%         4
 Agony                    Necr           0%         N/A       100%        5
 Metabolic Englaciation   Hex/Ice        0%         N/A       100%        5
 Silence                  Hex/Air        0%         N/A       100%        5


Dungeon Overview and Level Annotations

Branches:
Dungeon (2/15)

Altars:


Message History

The adder closely misses you. The adder bites you.
The adder bites you but does no damage. The adder closely misses you.
You climb upwards.
You feel very sick.
There is a stone staircase leading down here.
It was a potion of curing.
You feel better. The adder bites you.
You are poisoned.
The adder poisons you! The adder bites you but does no damage.
The adder completely misses you.
Okay, then.
Unknown command.
You closely miss the adder.
You feel sick. The adder bites you. The adder barely misses you. x2
You are too injured to fight recklessly!
Unknown command.
Unknown command.
You are too injured to fight recklessly!
You barely miss the adder.
You feel sick. The adder bites you but does no damage. The adder bites you.
You are more poisoned.
The adder poisons you! The adder barely misses you.
You closely miss the adder.
You feel sick. The adder bites you.
* * * LOW HITPOINT WARNING * * *
You are more poisoned.
The adder poisons you! The adder barely misses you. The adder bites you.
* * * LOW HITPOINT WARNING * * *
You are more poisoned.
The adder poisons you! The adder closely misses you.
You hit the adder. You burn the adder.
The adder is heavily wounded.
* * * LOW HITPOINT WARNING * * *
You feel very sick. The adder closely misses you.
The adder bites you but does no damage. The adder barely misses you.
The adder bites you.
* * * LOW HITPOINT WARNING * * *
The adder bites you.
* * * LOW HITPOINT WARNING * * *
You closely miss the adder.
The adder is heavily wounded.
You die...

........#...## #.#..........#
#.#.###.##...##### #...#
#.##.......# ##.##
#.##...###.#### ♣.♣
#.##..........#
♣♣.♣♣##.##..........#
...............S#S..####
♣♣.♣♣#.........#@#.....##########
♣.♣ #..........#S....[..(.......
##.####..#..#........#.##########
............#.......##.##########
#.#.#.##.##.###..#####...........
.........##.# ##.# ############
..........#.# #.# #...........#
#.# ##### ###.#.###.### #.#
##...########


You could see 3 adders.

Vanquished Creatures
  A dart slug (D:1)
  5 ball pythons (D:1)
  A giant cockroach (D:1)
  A goblin (D:1)
  6 hobgoblins (D:1)
  2 kobolds (D:1)
  2 quokkas (D:1)
  4 bats (D:1)
  2 frilled lizards (D:1)
  3 rats (D:1)
27 creatures vanquished.

Notes
Turn   | Place    | Note
-------+----------+-------------------------------------------
     0 | D:1      | pop123321pop the Hill Orc Cinder Acolyte began the quest
                  | for the Orb.
     0 | D:1      | Reached XP level 1. HP: 19/19 MP: 2/2
   129 | D:1      | Reached XP level 2. HP: 24/26 MP: 3/3
   142 | D:1      | Reached skill level 4 in Polearms
   423 | D:1      | Reached XP level 3. HP: 31/31 MP: 4/4
   558 | D:1      | Found a faded altar of an unknown god.
   856 | D:1      | HP: 1/31 [adder (2)]
   857 | D:1      | Succumbed to an adder's poison

Illustrated notes

Levels and vault maps discovered:
D:1:      minmay_arrival_stone_box, layout_loops_ring,
          shapermc_ecumenical_altar_mp_highgroup, hex_tiny,
          minmay_misc_feat_chi, minmay_tree_intersection,
          minmay_misc_feat_ornament, st_stairs_14
D:2:      layout_basic

Skill      XL: |  1  2 |
---------------+-------+-----
Polearms       | 4 |  4.7
Fighting       | |  3.6
Spellcasting   | |  1.0
Fire Magic     | |  3.2

Action                     || total
---------------------------++-------
  Melee: Spear             ||    87
         Punch             ||     2
    Use: Potion            ||     1
 Armour: Robe              ||    29
         Leather armour    ||    19
  Dodge: Dodged            ||    44

Table legend: (Time is in decaauts)
 A = Elapsed time spent in this place.
 B = Non-inter-level travel time spent in this place.
 C = Inter-level travel time spent in this place.
 D = Time resting spent in this place.
 E = Time spent auto-exploring this place.
 F = Levels seen in this place.
 G = Mean time per level.
                   A        B        C        D        E       F      G
               +--------+--------+--------+--------+--------+-----+--------+
         Total |    848 |    811 |     37 |      0 |    654 |   2 |  424.0 |
       Dungeon |    848 |    811 |     37 |      0 |    654 |   2 |  424.0 |
               +--------+--------+--------+--------+--------+-----+--------+

Top non-repeatable levels by time:
     D:1: 840 daAuts
     D:2: 7 daAuts
